 Dungeon Crawl Stone Soup version 0.30-a0-777-ga9a30cbeda (webtiles) character file.

Game seed: 2717808044108787216

103 Esekla the Sneak (level 4, 0/31 HPs)
             Began as an Octopode Delver on Feb 15, 2023.
             Was an Initiate of Gozag.
             Killed by divine providence
             ... invoked by an orc priest
              (16 damage)
             ... on level 5 of the Dungeon.
             The game lasted 00:23:59 (3602 turns).

Esekla the Sneak (Octopode Delver)                  Turns: 3602, Time: 00:24:00

Health: 0/31       AC:  1    Str: 11    XL:     4   Next: 79%
Magic:  5/5        EV: 13    Int: 14    God:    Gozag
Gold:   595        SH:  0    Dex: 13    Spells: 4/4 levels left

rFire   . . .      SeeInvis .    a - +0 falchion
rCold   . . .      Faith    .    (no shield)
rNeg    . . .      Spirit   .    (helmet restricted)
rPois   .          Reflect  .    (no amulet)
rElec   .          Harm     .    h - ring of wizardry
rCorr   .          Rampage  .    (no ring)
Will    .....                    (no ring)
Stlth   ++++                     (no ring)
HPRegen 0.25/turn                (no ring)
MPRegen 0.09/turn                (no ring)
                                 (no ring)
                                 (no ring)

@: no status effects
A: almost no armour, amphibious, 8 rings, camouflage 1, gelatinous body 1,
(nimble swimmer 1), tentacles
a: Renounce Religion, Potion Petition, Call Merchant, Bribe Branch


You were on level 5 of the Dungeon.
You worshipped Gozag.
Gozag was pleased with you.
You visited 2 branches of the dungeon, and saw 6 of its levels.

You collected 605 gold pieces.
You paid 10 gold pieces to Gozag.

Inventory:

Hand Weapons
 a - a +0 falchion (weapon)
 s - a +0 dagger
Missiles
 c - 6 poisoned darts (quivered)
Jewellery
 h - a ring of wizardry (left tentacle)
 r - a ring of resist corrosion
 v - a ring of flight
Wands
 f - a wand of digging (3)
 w - a wand of light (4)
Scrolls
 b - 3 scrolls of fog
 d - a scroll of fear
 g - a scroll of poison {unknown}
 j - a scroll of amnesia {unknown}
 k - 2 scrolls of immolation {unknown}
 l - a scroll of blinking {unknown}
 m - a scroll of vulnerability {unknown}
 n - 2 scrolls of teleportation {unknown}
 q - 3 scrolls of identify {unknown}
Potions
 e - a potion of haste
 i - 2 potions of attraction {unknown}
 o - 3 potions of resistance {unknown}
 p - a potion of mutation {unknown}
 t - a potion of magic {unknown}
 u - a potion of curing {unknown}
 x - a potion of degeneration {unknown}


   Skills:
 * Level 3.4 Fighting
 + Level 0.1(2.0) Short Blades
 * Level 3.3 Long Blades
 * Level 2.3 Dodging
 + Level 7.4 Stealth
 * Level 0.8 Spellcasting


You had 4 spell levels left.
You didn't know any spells.
Your spell library contained the following spells:

 Spells                   Type           Power      Damage    Failure   Level
 Sublimation of Blood     Necr           0%         N/A       16%         2
 Airstrike                Air            0%         2d(0-16)  69%         4
 Freezing Cloud           Conj/Ice/Air   0%         6-21      95%         5
 Chain Lightning          Conj/Air       0%         N/A       100%        9


Dungeon Overview and Level Annotations

Branches:
Dungeon (5/15)             Temple (1/1) D:5

Altars:
Cheibriados
Elyvilon
Fedhas
Gozag
Kikubaaqudgha
Nemelex Xobeh
Qazlal
Ru
Sif Muna
Uskayaw
Yredelemnul
Zin

Annotations:
D:3 Sigmund


Innate Abilities, Weirdness & Mutations

You cannot wear most types of armour.
You are amphibious.
You can wear up to eight rings at the same time.
Your skin changes colour to match your surroundings (Stealth+).
Your rubbery body absorbs attacks. (AC +1, EV +1)
((You are camouflaged when in or above water. (Stealth+)))
You have tentacles for arms and can constrict up to eight enemies at once.


Message History

You constrict the worm. The worm barely misses you.
You hit the worm. You squeeze the worm.
The worm is severely wounded.
You constrict the worm. You hit the worm. You squeeze the worm.
The worm is almost dead.
You constrict the worm.
You kill the worm!
You now have 595 gold pieces (gained 6).
You open the door.
There is an open door here.
You open the door.
Found a stone staircase leading down.
There is an open door here.
Found a scroll labelled FAG FOEXKAE.
An ogre comes into view. It is wielding a +0 giant spiked club.
The ogre shouts!
There is a stone staircase leading down here.
You climb downwards.
There is a stone staircase leading up here.
s - a +0 dagger (weapon)
The orc priest shouts!
The orc shouts!
The orc barely misses you.
The orc priest invokes the aid of Beogh against you.
Beogh smites you! The orc closely misses you. The orc attacks as you move away!
The orc hits you with a +0 war axe.
a - a +0 falchion (weapon)
You hit the orc priest. Your grab misses the orc priest.
The orc priest is moderately wounded.
The orc priest hits you with a +0 short sword.
You hit the orc priest. Your grab misses the orc priest.
The orc priest is heavily wounded.
The orc priest hits you with a +0 short sword.
You hit the orc but do no damage. Your grab misses the orc.
Your squeeze misses the orc.
The orc priest calls down the wrath of Beogh upon you.
Beogh smites you!
Ouch! That really hurt!
You die...
Your body crumbles into a pile of gold.

#.*,,,**,*****,*
.#,,,,,*** #.*
##*,,,** #.# **,**
#.# *,* #.# *,* #.#
**+** #.# **,,,**
#.##### **,,,,,**
#oo@..# *,,,,,,,**
*#o###.#
,,,,,,,,,***#...#*,#
,,,,,,,,,+,......#,*
,,,,,,,,,*###...##,*
*,,,,,,,** ##.##*,*
**,,,,,** ###**,*
**,,,** **,*,*
****+** *,*,,*


You could see an orc priest and 2 orcs.

Vanquished Creatures
  4 adders
  An ufetubus (D:4)
  2 worms
  A dart slug (D:4)
  5 ball pythons
  5 endoplasms
  3 giant cockroaches
  5 goblins
  3 hobgoblins
  3 kobolds
  3 quokkas
  9 bats
  5 frilled lizards
  8 rats
57 creatures vanquished.

Notes
Turn   | Place    | Note
-------+----------+-------------------------------------------
     0 | D:5      | Esekla the Octopode Delver began the quest for the Orb.
     0 | D:5      | Reached XP level 1. HP: 16/16 MP: 1/1
    11 | D:5      | Found a staircase to the Ecumenical Temple.
    24 | Temple   | Entered the Ecumenical Temple
   215 | Temple   | Became a worshipper of Gozag Ym Sagoz the Greedy
   527 | D:4      | Reached XP level 2. HP: 21/21 MP: 2/2
  1201 | D:1      | Reached XP level 3. HP: 26/26 MP: 3/3
  1238 | D:1      | Reached skill level 7 in Stealth
  1838 | D:2      | Got the Directory of Maleficent Spells and Anemomancy
  1982 | D:2      | Reached XP level 4. HP: 31/31 MP: 3/5
  2621 | D:3      | Noticed Sigmund
  2774 | D:3      | Found a faded altar of an unknown god.
  3592 | D:4      | Noticed an ogre
  3602 | D:5      | Killed from afar by an orc priest

Illustrated notes

Levels and vault maps discovered:
D:1:      dpeg_arrival_rooms_a, layout_basic, chequers_serial_rivers_micro_b,
          minmay_ruptured
D:2:      layout_basic
D:3:      layout_loops_ring, basic_ecumenical_altar, saegor_snake_ambush,
          uniq_sigmund
D:4:      layout_basic
D:5:      layout_loops_corners, temple_green
Temple:   nicolae_temple_bog_church

Skill      XL: |  1  2  3 |
---------------+----------+-----
Stealth        | 7 |  7.4
Long Blades    | 3 |  3.3
Fighting       | |  3.4
Short Blades   | |  0.1
Dodging        | |  2.3
Spellcasting   | |  0.8

Action                     |  1- 3 |  4- 6 || total
---------------------------+-------+-------++-------
  Melee: Falchion          |    54 |    21 ||    75
         Constrict         |    11 |     4 ||    15
         Tentacles         |     8 |     7 ||    15
         Dagger            |     7 |     9 ||    16
    Use: Scroll            |     1 |       ||     1
   Stab: Sleeping          |    18 |     8 ||    26
 Armour: Skin              |     7 |     2 ||     9
  Dodge: Dodged            |    29 |    19 ||    48

Table legend: (Time is in decaauts)
 A = Elapsed time spent in this place.
 B = Non-inter-level travel time spent in this place.
 C = Inter-level travel time spent in this place.
 D = Time resting spent in this place.
 E = Time spent auto-exploring this place.
 F = Levels seen in this place.
 G = Mean time per level.
                   A        B        C        D        E       F      G
               +--------+--------+--------+--------+--------+-----+--------+
         Total |   3604 |   3467 |    137 |    283 |    906 |   6 |  600.7 |
       Dungeon |   3557 |   3454 |    103 |    283 |    898 |   5 |  711.4 |
        Temple |     47 |     13 |     34 |      0 |      8 |   1 |   47.0 |
               +--------+--------+--------+--------+--------+-----+--------+

Top non-repeatable levels by time:
     D:2: 1225 daAuts
     D:3: 939 daAuts
     D:1: 813 daAuts
     D:4: 322 daAuts
     D:5: 256 daAuts
  Temple: 47 daAuts
